 Dungeon Crawl Stone Soup version 0.23-b1-75-g379dba2534 (webtiles) character file.

Game seed: 2079135693930941915

242 McKennaii the Skirmisher (level 5, -5/42 HPs)
             Began as a Demonspawn Fighter on Feb 7, 2019.
             Slain by an ice beast (12 damage)
             ... on level 4 of the Dungeon.
             The game lasted 00:06:18 (3058 turns).

McKennaii the Skirmisher (Demonspawn Fighter)       Turns: 3058, Time: 00:06:19

Health: -5/42      AC:  9    Str: 17    XL:     5   Next: 82%
Magic:  5/5        EV: 13    Int: 14    God:
Gold:   177        SH:  9    Dex: 18    Spells: 4/4 levels left

rFire    . . .     SeeInvis .   a - +0 long sword
rCold    . . .     Gourm    .   c - +0 shield
rNeg     . . .     Faith    .   b - +0 scale mail
rPois    +         Spirit   .   p - +1 hat
rElec    .         Reflect  .   (no cloak)
rCorr    .         Harm     .   t - +0 pair of gloves
MR       .....                  (no boots)
Stlth    +.........             r - amulet of the acrobat
HPRegen  0.14/turn              l - ring of poison resistance
MPRegen  0.09/turn              (no ring)

@: brilliant, agile
A: claws 2
a: no special abilities


You were on level 4 of the Dungeon.
You were not hungry.

You visited 2 branches of the dungeon, and saw 6 of its levels.

You collected 177 gold pieces.

Inventory:

Hand Weapons
 a - a +0 long sword (weapon)
Armour
 b - a +0 scale mail (worn)
 c - a +0 shield (worn)
 i - a +1 hat
 p - a +1 hat (worn)
 t - a +0 pair of gloves (worn)
Jewellery
 l - a ring of poison resistance (left hand)
 r - an amulet of the acrobat (around neck)
Wands
 n - a wand of paralysis (10)
Scrolls
 e - 3 scrolls of identify {unknown}
 j - a scroll of magic mapping {unknown}
 k - a scroll of amnesia {unknown}
 m - 2 scrolls of teleportation {unknown}
 q - a scroll of noise {unknown}
 s - a scroll of remove curse {unknown}
Potions
 d - a potion of might
 o - a potion of curing {unknown}
Comestibles
 f - 8 rations
 u - a chunk of flesh


   Skills:
 + Level 3.8 Fighting
 + Level 3.3 Long Blades
 + Level 3.5 Armour
 + Level 1.2 Dodging
 + Level 0.1 Stealth
 + Level 3.7 Shields


You had 4 spell levels left.
You didn't know any spells.
Your spell library was empty.

Dungeon Overview and Level Annotations

Branches:
Dungeon (5/15)             Temple (1/1) D:4

Altars:
Ashenzari
Cheibriados
Dithmenos
Elyvilon
Fedhas
Gozag
Hepliaklqana
Kikubaaqudgha
Nemelex Xobeh
Okawaru
Qazlal
Ru
Sif Muna
Trog
Wu Jian
Xom
Yredelemnul
Zin
The Shining One


Innate Abilities, Weirdness & Mutations

You have very sharp fingernails.


Message History

There is a stone staircase leading up here.
The ice beast hits you. The ice beast freezes you.
* * * LOW HITPOINT WARNING * * *
The centaur shoots an arrow.
You block the arrow.
You climb upwards.
There is a stone staircase leading down here.
Unknown command.
It was a potion of brilliance.
You feel clever all of a sudden. You block the ice beast's attack.
It was a potion of agility.
You feel agile all of a sudden.
The ice beast hits you but does no damage.
Okay, then.
You hit the ice beast but do no damage. You block the ice beast's attack.
You hit the ice beast but do no damage. The ice beast completely misses you.
The ice beast hits you.
* * * LOW HITPOINT WARNING * * *
The ice beast freezes you!
You die...

##.## #.....# #..#
#.....# ##### ####.##
#######
....#######....###
......≈≈≈........##
################..#####
#.....## ##.....##
.......############>...#
................@Y..####
........#############
........# ........#
..<.....# ........#
.......## #....^##
#######


You could see an ice beast.

Vanquished Creatures
  A scorpion (D:4)
  A hound (D:4)
  2 worker ants (D:4)
  An ooze (D:2)
  An adder skeleton (D:4)
  5 worms
  3 dart slugs
  2 leopard geckos
  3 orcs
  4 giant cockroaches
  9 goblins
  12 hobgoblins
  9 jackals
  5 kobolds
  3 quokkas
  2 ball pythons
  A ball python skeleton (D:4)
  11 bats
  A frilled lizard (D:1)
  A jackal skeleton (D:4)
  10 rats
87 creatures vanquished.

Notes
Turn   | Place    | Note
-------+----------+-------------------------------------------
     0 | D:1      | McKennaii the Demonspawn Fighter began the quest for the
                  | Orb.
     0 | D:1      | Reached XP level 1. HP: 18/18 MP: 1/1
    86 | D:1      | Gained mutation: You have sharp fingernails. [demonic
                  | ancestry]
    86 | D:1      | Reached XP level 2. HP: 19/24 MP: 2/2
   503 | D:1      | Reached XP level 3. HP: 27/29 MP: 3/3
   781 | D:2      | Found a sacrificial altar of Ru.
   783 | D:2      | Found a basalt altar of Yredelemnul.
   797 | D:2      | You fall through a shaft for 2 floors!
   826 | D:4      | Gained mutation: You have very sharp fingernails. [demonic
                  | ancestry]
   826 | D:4      | Reached XP level 4. HP: 21/35 MP: 4/4
   964 | D:4      | Found a staircase to the Ecumenical Temple.
   973 | Temple   | Entered the Ecumenical Temple
  1082 | D:4      | Reached skill level 1 in Dodging
  1240 | D:4      | Reached XP level 5. HP: 13/42 MP: 5/5
  2565 | D:2      | Found a glowing silver altar of Zin.
  3040 | D:5      | Entered Level 5 of the Dungeon
  3041 | D:5      | Noticed an ice beast
  3046 | D:5      | Noticed a centaur
  3058 | D:4      | Slain by an ice beast

Skill      XL: |  1  2  3  4 |
---------------+-------------+-----
Long Blades    | 2 3 |  3.3
Shields        | 3 |  3.7
Armour         | 3 |  3.5
Dodging        | 1 |  1.2
Fighting       | |  3.8
Stealth        | |  0.1

Action                   |  1- 3 |  4- 6 || total
-------------------------+-------+-------++-------
Melee: Long sword        |    99 |   211 ||   310
  Use: Potion            |       |     2 ||     2
  Eat: Chunk             |       |     4 ||     4
       Ration            |       |     1 ||     1
Armor: Scale mail        |    45 |   101 ||   146
Dodge: Dodged            |    28 |    73 ||   101
Block: Shield            |    52 |    97 ||   149
       Rpst.: Long sword |     8 |    23 ||    31
